 Dungeon Crawl Stone Soup version 0.26.1-2-gb8aa6d0cf2 (webtiles) character file.

Game seed: 16123443239195719826

1878 tardwrangler69 the Shield-Bearer (level 8, -1/73 HPs)
             Began as a Minotaur Fighter on Mar 28, 2021.
             Was a Follower of Okawaru.
             Slain by a gnoll
             ... wielding a +0 halberd
              (8 damage)
             ... in a bailey.
             The game lasted 00:11:21 (7178 turns).

tardwrangler69 the Shield-Bearer (Minotaur Fighter) Turns: 7178, Time: 00:11:22

Health: -1/73      AC: 10    Str: 23    XL:     8   Next: 91%
Magic:  7/7        EV:  8    Int:  5    God:    Okawaru [*.....]
Gold:   283        SH: 12    Dex: 14    Spells: 7/7 levels left

rFire    + . .     SeeInvis .   w - +6 falchion of Starshine {speed, +Blink rN+ Dex+4}
rCold    x . .     Faith    .   c - +1 kite shield
rNeg     + . .     Spirit   .   b - +0 scale mail
rPois    .         Reflect  .   (helmet restricted)
rElec    .         Harm     .   h - +0 cloak
rCorr    .         Rampage  .   x - +0 pair of gloves
Will     .....                  (no boots)
Stlth    ..........             t - amulet of magic regeneration
HPRegen  0.22/turn              m - ring of fire
MPRegen  0.35/turn              (no ring)

@: glowing
A: retaliatory headbutt, horns 2
a: Renounce Religion, Evoke Blink, Heroism


You were in a bailey.
You worshipped Okawaru.
Okawaru was aware of your devotion.
You visited 1 branch of the dungeon, and saw 7 of its levels.
You also visited: Ossuary and Bailey.

You collected 283 gold pieces.

Inventory:

Hand Weapons
 a - a +0 war axe
 w - the +6 falchion of Starshine (weapon) {speed, +Blink rN+ Dex+4}
   (You found it on level 4 of the Dungeon)

   Attacks with this weapon are significantly faster.
   It affects your dexterity (+4).
   It protects you from negative energy.
   It lets you blink.
Armour
 b - a +0 scale mail (worn)
 c - a +1 kite shield (worn)
 h - a +0 cloak (worn)
 x - a +0 pair of gloves (worn)
Jewellery
 m - a ring of fire (left hand)
 t - an amulet of magic regeneration (around neck)
 y - a cursed -4 ring of intelligence {unknown}
 A - an uncursed ring of see invisible {unknown}
 C - an uncursed ring of see invisible {unknown}
 D - an uncursed ring of flight {unknown}
Wands
 u - a wand of polymorph (15)
 v - a wand of random effects (47)
Scrolls
 g - 2 scrolls of teleportation {unknown}
 i - 8 scrolls of identify
 p - 3 scrolls of remove curse
 r - 2 scrolls of immolation
 s - 3 scrolls of enchant weapon {unknown}
 z - a scroll of noise {unknown}
 B - a scroll of enchant armour
Potions
 d - 3 potions of might
 e - 4 potions of curing
 f - a potion of invisibility
 j - 2 potions of heal wounds {unknown}
 k - a potion of magic {unknown}
 l - 2 potions of degeneration {unknown}
 n - 2 potions of berserk rage {unknown}
 o - 6 potions of flight {unknown}
 q - a potion of haste


   Skills:
 + Level 7.5 Fighting
 - Level 4.0 Long Blades
 - Level 7.1 Axes
 + Level 7.4 Armour
 + Level 7.5 Shields


You had 7 spell levels left.
You didn't know any spells.
Your spell library contained the following spells:

 Spells                   Type           Power        Failure   Level
 Confusing Touch          Hex            0%           100%        3
 Gell's Gravitas          Tloc           0%           100%        3
 Petrify                  Tmut/Erth      0%           100%        4
 Metabolic Englaciation   Hex/Ice        0%           100%        5
 Yara's Violent Unravell  Hex/Tmut       0%           100%        5


Dungeon Overview and Level Annotations

Branches:
Dungeon (7/15)             Temple (0/1) D:4         Ossuary (visited)
 Bailey (1/1)

Altars:
Ashenzari
Dithmenos
Hepliaklqana
Kikubaaqudgha
Okawaru
Uskayaw
Xom
The Shining One

Shops:
D:4 =


Innate Abilities, Weirdness & Mutations

You reflexively headbutt those who attack you in melee.
You have a pair of horns on your head.


Message History

You block the gnoll's attack.
You feel better.
The gnoll shaman utters an invocation to its god.
The gnoll shaman is healed somewhat.
You block the gnoll's attack. x2
The gnoll hits you from afar with a +0 trident.
* * * LOW HITPOINT WARNING * * *
You hit the gnoll shaman.
You headbutt the gnoll shaman, but do no damage.
The gnoll shaman is severely wounded.
The gnoll shaman hits you but does no damage.
The gnoll closely misses you. The gnoll hits you but does no damage.
The gnoll barely misses you.
You closely miss the gnoll shaman. You headbutt the gnoll shaman!
You kill the gnoll shaman!
Okawaru accepts your kill.
The gnoll hits you from afar with a +0 trident.
* * * LOW HITPOINT WARNING * * *
You feel better. You block the gnoll's attack.
The gnoll hits you with a +0 halberd!
You die...

≈≈≈♣♣ ..≈≈♣♣ #..≈.♣
#..≈.♣♣ #..≈..♣ ###
#..≈..♣ #... #..≈..♣♣
.g... #####.)≈...♣♣
..$.g.#.g.@..)†...♣♣♣#
g.8...'(.))gg)†..∩..∩#
..$...#...'.......♣♣♣#
..... #####..≈...♣♣
#.g. #..≈...♣ ###
#..≈...♣ #..≈..♣♣
#..≈.♣♣ #..≈.♣


You could see 3 gnolls.

Vanquished Creatures
  Grinder (D:5)
  Edmund (D:5)
  An orc warrior (D:6)
  A phantom (D:4)
  A sky beast (D:4)
  An ogre (D:6)
  An elf zombie (Ossuary)
  A bullfrog (D:6)
  2 gnoll sergeants (Bailey)
  A scorpion (D:4)
  A bullfrog zombie (D:3)
  3 hounds
  A centaur zombie (Ossuary)
  2 orc priests
  Crazy Yiuf (D:3)
  A gnoll shaman (Bailey)
  4 orc wizards
  3 human zombies (Ossuary)
  An iguana (D:5)
  Natasha (twice) (D:3)
  A hound skeleton (D:4)
  2 mummies (Ossuary)
  9 gnolls
  7 adders
  2 shadow imps
  An ufetubus (D:5)
  An ooze (D:3)
  An adder skeleton (D:6)
  2 adder zombies (Ossuary)
  4 worms
  2 dart slugs
  2 leopard geckos
  17 orcs
  7 giant cockroaches
  7 goblins
  9 hobgoblins
  7 kobolds
  5 quokkas
  A ball python (D:3)
  5 bats
  10 frilled lizards
  A goblin zombie (Ossuary)
  7 hobgoblin zombies (Ossuary)
  11 kobold zombies (Ossuary)
  9 orc zombies (Ossuary)
  8 rats
  3 rat zombies
171 creatures vanquished.

Vanquished Creatures (others)
  2 fungi (D:3)
  4 plants (D:1)
6 creatures vanquished.

Grand Total: 177 creatures vanquished

Notes
Turn   | Place    | Note
-------+----------+-------------------------------------------
     0 | D:1      | tardwrangler69 the Minotaur Fighter began the quest for the
                  | Orb.
     0 | D:1      | Reached XP level 1. HP: 19/19 MP: 0/0
   203 | D:1      | Reached XP level 2. HP: 25/27 MP: 1/1
   844 | D:2      | Reached XP level 3. HP: 30/33 MP: 2/2
   875 | D:2      | Found an ancient bone altar of Kikubaaqudgha.
  1070 | D:2      | Reached XP level 4. HP: 40/40 MP: 3/3
  1438 | D:2      | Found a hazy altar of Hepliaklqana.
  1514 | D:3      | Noticed Natasha
  1519 | D:3      | Killed Natasha
  1611 | D:3      | Reached XP level 5. HP: 47/47 MP: 4/4
  1611 | D:3      | Found a hide-covered altar of Uskayaw.
  1776 | D:3      | Noticed Natasha
  1789 | D:3      | Killed Natasha
  1923 | D:3      | Found a shimmering altar of Xom.
  2502 | D:3      | Reached skill level 5 in Axes
  2920 | D:3      | Found a runed translucent door.
  2921 | D:3      | Noticed Crazy Yiuf
  2928 | D:3      | Killed Crazy Yiuf
  2929 | D:3      | Reached XP level 6. HP: 46/55 MP: 5/5
  3051 | D:4      | Reached skill level 5 in Fighting
  3051 | D:4      | Reached skill level 5 in Armour
  3051 | D:4      | Reached skill level 5 in Shields
  3119 | D:4      | Found a sand-covered staircase.
  3128 | Ossuary  | Entered an ossuary
  3271 | Ossuary  | Reached XP level 7. HP: 15/61 MP: 6/6
  3660 | D:4      | Found Alalulokh's Jewellery Boutique.
  3738 | D:4      | Found an iron altar of Okawaru.
  3746 | D:4      | Became a worshipper of Warmaster Okawaru
  4620 | D:4      | Found a glowing golden altar of the Shining One.
  4676 | D:4      | Found a staircase to the Ecumenical Temple.
  5043 | D:4      | Got a faintly glowing falchion
  5044 | D:4      | Identified the +6 falchion of Starshine {speed, +Blink rN+
                  | Dex+4} (You found it on level 4 of the Dungeon)
  5149 | D:5      | Entered Level 5 of the Dungeon
  5185 | D:5      | Found a shadowy altar of Dithmenos.
  5192 | D:5      | You fall into a shaft and drop 1 floor!
  5283 | D:6      | Reached skill level 1 in Long Blades
  5284 | D:6      | Reached XP level 8. HP: 57/70 MP: 7/7
  6396 | D:5      | Found a broken altar of Ashenzari.
  6553 | D:5      | Noticed Edmund
  6554 | D:5      | Noticed Grinder
  6565 | D:5      | Killed Edmund
  6574 | D:5      | Killed Grinder
  6574 | D:5      | Reached * piety under Okawaru
  7050 | D:7      | Found a flagged portal.
  7059 | Bailey   | Entered a bailey
  7174 | Bailey   | HP: 3/73 [gnoll/+0 halberd (15)]
  7178 | Bailey   | Slain by a gnoll

Illustrated notes

Levels and vault maps discovered:
D:1:      minmay_arrival_arboretum_small, layout_rooms, serial_forest,
          infiniplex_forest_straight_2, infiniplex_forest_clump_long,
          infiniplex_forest_clump_double, infiniplex_forest_clump_small,
          infiniplex_forest_clump_double, infiniplex_forest_clump_large,
          infiniplex_forest_lined_corner, infiniplex_forest_zigzag_1,
          infiniplex_forest_clump_tiny
D:2:      layout_loops_ring, nzn_hepliaklqana_mist_gate,
          nicolae_overflow_crystal_walls, minmay_pentomino_r4
D:3:      minmay_door_path, layout_basic, marbit_many_paths, old_standard_altar,
          uniq_crazy_yiuf_cottage, uniq_natasha
D:4:      layout_loops_ring, lemuel_coloured_pillars_altar,
          kennysheep_okawaru_gauntlet, minmay_temple_entry_sparse_star,
          enter_ossuary_4, serial_shops, nicolae_shop_waterfront
D:5:      layout_loops_ring, nicolae_dithmenos_shadow_blocks,
          general_overflow_altar, uniq_edmund, uniq_grinder
D:6:      layout_cave_pods
D:7:      layout_basic, enter_bailey_2, minmay_manual_mail, uniq_prince_ribbit1,
          uniq_menkaure
Bailey:   bailey_polearm_gnolls_kennysheep, bailey

Skill      XL: |  1  2  3  4  5  6  7  8 |
---------------+-------------------------+-----
Shields        | 4 5 6 7 |  7.5
Axes           | 3 4 5 6 7 |  7.1
Fighting       | 4 5 6 7 |  7.5
Armour         | 4 5 6 7 |  7.4
Long Blades    | 1 4 |  4.0

Action                   |  1- 3 |  4- 6 |  7- 9 || total
-------------------------+-------+-------+-------++-------
Melee: War axe           |    66 |   209 |    78 ||   353
       Headbutt          |     8 |    26 |    37 ||    71
       Falchion          |       |       |   121 ||   121
Invok: Heroism           |       |       |     2 ||     2
  Use: Scroll            |       |     9 |       ||     9
       Potion            |       |     2 |     2 ||     4
Armor: Scale mail        |    17 |    79 |    67 ||   163
Dodge: Dodged            |    19 |    60 |    74 ||   153
Block: Kite shield       |    29 |   105 |   140 ||   274
       Rpst.: Falchion   |       |       |     6 ||     6
